TOP OF THE 1ST |
Germantown Uruguayans batting - Pitching for Tulsa Otters : RHP Victor Heuvelink
|
Pitching: RHP Victor Heuvelink
|
|
Batting: RHB Jurgen Flurgenburgen
|
0-0: Called Strike 0-1: Fly out, F8 (Line Drive, 8RM)
|
Batting: RHB Sasha Orlovsky
|
0-0: Called Strike 0-1: Ground out 5-3 (Groundball, 5S)
|
Batting: LHB Felipe Dávila
|
0-0: SINGLE (Line Drive, 34)
|
Batting: RHB Meester Gobbles-Rooster
|
0-0: Ball 1-0: Foul Ball, location: 2F 1-1: Swinging Strike 1-2: Ball 2-2: Foul Ball, location: 2F 2-2: Strikes out swinging
|
Top of the 1st over - 0 runs, 1 hit, 0 errors, 1 left on base; Germantown 0 - Tulsa 0 |
BOTTOM OF THE 1ST |
Tulsa Otters batting - Pitching for Germantown Uruguayans : LHP Jesse Duncan
|
Pitching: LHP Jesse Duncan
|
|
Batting: RHB Eddie Hickford
|
0-0: SINGLE (Line Drive, 6MD)
|
Batting: RHB Marvin Clark
|
0-0: Called Strike 0-1: Ball 1-1: Ball 2-1: Swinging Strike 2-2: Strikes out swinging
|
Batting: RHB Alexander Conley
|
0-0: Called Strike 0-1: Ball 1-1: Foul Ball, location: 2F 1-2: Grounds into double play, 5-4-3 (Groundball, 5)
|
Bottom of the 1st over - 0 runs, 1 hit, 0 errors, 0 left on base; Germantown 0 - Tulsa 0 |
TOP OF THE 2ND |
Germantown Uruguayans batting - Pitching for Tulsa Otters : RHP Victor Heuvelink
|
Batting: LHB Rafael Barrueco
|
0-0: Called Strike 0-1: Foul Ball, location: 2F 0-2: Ball 1-2: Foul Ball, location: 2F 1-2: Foul Ball, location: 2F 1-2: Foul Ball, location: 2F 1-2: Ground out 5-3 (Groundball, 56)
|
Batting: RHB Scipione Borghese
|
0-0: DOUBLE (Flyball, 8RD)
|
Batting: SHB Obke Preesman
|
0-0: DOUBLE (Line Drive, 89D) Scipione Borghese scores
|
Batting: RHB Adam Wiltern
|
0-0: Foul Ball, location: 2F 0-1: Fly out, F4 (Popup, 4)
|
Batting: RHB Lachlan Thurgood
|
0-0: Called Strike 0-1: Ground out 6-3 (Groundball, 6)
|
Top of the 2nd over - 1 run, 2 hits, 0 errors, 1 left on base; Germantown 1 - Tulsa 0 |
BOTTOM OF THE 2ND |
Tulsa Otters batting - Pitching for Germantown Uruguayans : LHP Jesse Duncan
|
Batting: RHB Bill Cobb
|
0-0: Ball 1-0: Foul Ball, location: 2F 1-1: Fly out, F8 (Line Drive, 8LM)
|
Batting: RHB Luke Rouco
|
0-0: Ball 1-0: Swinging Strike 1-1: Ground out 5-3 (Groundball, 56S)
|
Batting: RHB Manuel Márquez
|
0-0: Called Strike 0-1: Called Strike 0-2: Strikes out swinging
|
Bottom of the 2nd over - 0 runs, 0 hits, 0 errors, 0 left on base; Germantown 1 - Tulsa 0 |
TOP OF THE 3RD |
Germantown Uruguayans batting - Pitching for Tulsa Otters : RHP Victor Heuvelink
|
Batting: RHB Jurgen Flurgenburgen
|
0-0: Ball 1-0: Foul Ball, location: 2F 1-1: Ball 2-1: Foul Ball, location: 2F 2-2: Ball 3-2: SINGLE (Groundball, 6MD)
|
Batting: RHB Sasha Orlovsky
|
0-0: Called Strike 0-1: Foul Ball, location: 2F 0-2: Ball 1-2: Ball 2-2: Strikes out looking
|
Batting: LHB Felipe Dávila
|
0-0: Ball Jurgen Flurgenburgen steals 2nd base 1-0: Called Strike 1-1: Ball 2-1: Ground out 6-3 (Groundball, 6) Jurgen Flurgenburgen to third
|
Batting: RHB Meester Gobbles-Rooster
|
0-0: Ball 1-0: Swinging Strike 1-1: Ground out 5-3 (Groundball, 56S)
|
Top of the 3rd over - 0 runs, 1 hit, 0 errors, 1 left on base; Germantown 1 - Tulsa 0 |
BOTTOM OF THE 3RD |
Tulsa Otters batting - Pitching for Germantown Uruguayans : LHP Jesse Duncan
|
Batting: RHB Kjartan Einarsson
|
0-0: Ball 1-0: Called Strike 1-1: Swinging Strike 1-2: Foul Ball, location: 2F 1-2: Strikes out looking
|
Batting: RHB Patrick Mildren
|
0-0: Fly out, F8 (Flyball, 8RM)
|
Batting: LHB Joseph Wallace
|
0-0: Called Strike 0-1: Ball 1-1: Ball 2-1: Foul Ball, location: 2F 2-2: Ball 3-2: Fly out, F8 (Flyball, 8RM)
|
Bottom of the 3rd over - 0 runs, 0 hits, 0 errors, 0 left on base; Germantown 1 - Tulsa 0 |
TOP OF THE 4TH |
Germantown Uruguayans batting - Pitching for Tulsa Otters : RHP Victor Heuvelink
|
Batting: LHB Rafael Barrueco
|
0-0: Foul Ball, location: 2F 0-1: Ball 1-1: Fly out, F5 (Popup, 5SF)
|
Batting: RHB Scipione Borghese
|
0-0: Called Strike 0-1: Called Strike 0-2: Ball 1-2: Strikes out swinging
|
Batting: SHB Obke Preesman
|
0-0: Foul Ball, location: 2F 0-1: Ball 1-1: Ball 2-1: Foul Ball, location: 2F 2-2: Foul Ball, location: 2F 2-2: Foul Ball, location: 2F 2-2: Ball 3-2: Fly out, F7 (Flyball, 7)
|
Top of the 4th over - 0 runs, 0 hits, 0 errors, 0 left on base; Germantown 1 - Tulsa 0 |
BOTTOM OF THE 4TH |
Tulsa Otters batting - Pitching for Germantown Uruguayans : LHP Jesse Duncan
|
Batting: RHB Eddie Hickford
|
0-0: SINGLE (Groundball, 34D)
|
Batting: RHB Marvin Clark
|
0-0: Called Strike 0-1: Ball Pickoff Throw to First - Error! E1 Eddie Hickford to second 1-1: Foul Ball, location: 2F 1-2: Strikes out looking
|
Batting: RHB Alexander Conley
|
0-0: Ball 1-0: Foul Ball, location: 2F 1-1: Ball 2-1: Fly out, F8 (Flyball, 8LS)
|
Batting: RHB Bill Cobb
|
0-0: Called Strike 0-1: SINGLE (Line Drive, 4D) Eddie Hickford to third
|
Batting: RHB Luke Rouco
|
0-0: Ball 1-0: Ball 2-0: Ball 3-0: Called Strike 3-1: Base on Balls Bill Cobb to second
|
Batting: RHB Manuel Márquez
|
0-0: Called Strike 0-1: SINGLE (Popup, 56D) Eddie Hickford scores Bill Cobb to third Luke Rouco to second Runner from 3rd tries for Home, SAFE, no throw
|
Batting: RHB Kjartan Einarsson
|
0-0: Foul Ball, location: 2F 0-1: Called Strike 0-2: Fly out, F8 (Flyball, 8LM)
|
Bottom of the 4th over - 2 runs, 3 hits, 1 error, 2 left on base; Germantown 1 - Tulsa 2 |
TOP OF THE 5TH |
Germantown Uruguayans batting - Pitching for Tulsa Otters : RHP Victor Heuvelink
|
Batting: RHB Adam Wiltern
|
0-0: Bunt missed! 0-1: Ball 1-1: Foul Ball, location: 2F 1-2: Ball 2-2: Strikes out swinging
|
Batting: RHB Lachlan Thurgood
|
0-0: Called Strike 0-1: Ball 1-1: Foul Ball, location: 2F 1-2: Ball 2-2: Strikes out swinging
|
Batting: RHB Jurgen Flurgenburgen
|
0-0: Called Strike 0-1: Called Strike 0-2: Ball 1-2: Ground out 1-3 (Groundball, 15)
|
Top of the 5th over - 0 runs, 0 hits, 0 errors, 0 left on base; Germantown 1 - Tulsa 2 |
BOTTOM OF THE 5TH |
Tulsa Otters batting - Pitching for Germantown Uruguayans : LHP Jesse Duncan
|
Batting: RHB Patrick Mildren
|
0-0: Ball 1-0: Foul Ball, location: 2F 1-1: Fly out, F9 (Flyball, 9S)
|
Batting: LHB Joseph Wallace
|
0-0: Ball 1-0: Fly out, F9 (Flyball, 89M)
|
Batting: RHB Eddie Hickford
|
0-0: Called Strike 0-1: Ball 1-1: Ball 2-1: Foul Ball, location: 2F 2-2: Foul Ball, location: 2F 2-2: Foul Ball, location: 2F 2-2: Foul Ball, location: 2F 2-2: Ball 3-2: Foul Ball, location: 2F 3-2: Base on Balls
|
Batting: RHB Marvin Clark
|
0-0: Called Strike 0-1: Ball 1-1: Ball 2-1: Foul Ball, location: 2F 2-2: Reached on error, E5 (Groundball, 56S) Eddie Hickford to second
|
Batting: RHB Alexander Conley
|
0-0: Ball 1-0: Ball 2-0: SINGLE (Groundball, 4S) (infield hit) Eddie Hickford to third Marvin Clark to second
|
Batting: RHB Bill Cobb
|
0-0: Called Strike 0-1: Fly out, F8 (Flyball, 8RXD)
|
Bottom of the 5th over - 0 runs, 1 hit, 1 error, 3 left on base; Germantown 1 - Tulsa 2 |
TOP OF THE 6TH |
Germantown Uruguayans batting - Pitching for Tulsa Otters : RHP Victor Heuvelink
|
Batting: RHB Sasha Orlovsky
|
0-0: Ball 1-0: Ball 2-0: Ball 3-0: Base on Balls
|
Batting: LHB Felipe Dávila
|
0-0: Ball Sasha Orlovsky is caught stealing 2nd base 1-0: Called Strike 1-1: Foul Ball, location: 2F 1-2: Ball 2-2: Ball 3-2: Fly out, F3 (Line Drive, 3)
|
Batting: RHB Meester Gobbles-Rooster
|
0-0: Fly out, F7 (Flyball, 7D)
|
Top of the 6th over - 0 runs, 0 hits, 0 errors, 0 left on base; Germantown 1 - Tulsa 2 |
BOTTOM OF THE 6TH |
Tulsa Otters batting - Pitching for Germantown Uruguayans : LHP Jesse Duncan
|
Batting: RHB Luke Rouco
|
0-0: Ball 1-0: Called Strike 1-1: SINGLE (Flyball, 78S)
|
Batting: RHB Manuel Márquez
|
0-0: SINGLE (Groundball, 4MD) Luke Rouco to second
|
Batting: RHB Kjartan Einarsson
|
0-0: Called Strike 0-1: Ball 1-1: SINGLE (Groundball, 34S) (infield hit) Luke Rouco to third Manuel Márquez to second
|
Batting: RHB Patrick Mildren
|
0-0: Grounds into fielders choice 3-2 (Groundball, 34S) Manuel Márquez to third Kjartan Einarsson to second
|
Batting: LHB Joseph Wallace
|
0-0: Called Strike 0-1: Called Strike 0-2: Grounds into fielders choice 4-2 (Groundball, 4) Kjartan Einarsson to third Patrick Mildren to second
|
Batting: RHB Eddie Hickford
|
0-0: Called Strike 0-1: Foul Ball, location: 2F 0-2: Ball 1-2: SINGLE (Groundball, 34S) (infield hit) Kjartan Einarsson scores Patrick Mildren to third Joseph Wallace to second
|
Batting: RHB Marvin Clark
|
0-0: Called Strike 0-1: Fly out, F9 (Flyball, 9D)
|
Bottom of the 6th over - 1 run, 4 hits, 0 errors, 3 left on base; Germantown 1 - Tulsa 3 |
TOP OF THE 7TH |
Germantown Uruguayans batting - Pitching for Tulsa Otters : RHP Victor Heuvelink
|
Batting: LHB Rafael Barrueco
|
0-0: Called Strike 0-1: Ball 1-1: Swinging Strike 1-2: Strikes out swinging
|
Batting: RHB Scipione Borghese
|
0-0: SINGLE (Groundball, 6D)
|
Batting: SHB Obke Preesman
|
0-0: Foul Ball, location: 2F 0-1: Ball 1-1: Ball 2-1: Ball 3-1: DOUBLE (Flyball, 89XD) Scipione Borghese to third Runner from 3rd tries for Home, SAFE, throw made at trailing runner, OUT at third!
|
Batting: RHB Adam Wiltern
|
0-0: SINGLE (Line Drive, 9S)
|
Batting: RHB Lachlan Thurgood
|
0-0: Fielders Choice at 2nd, 5-4 (Groundball, 5)
|
Top of the 7th over - 1 run, 3 hits, 0 errors, 1 left on base; Germantown 2 - Tulsa 3 |
BOTTOM OF THE 7TH |
Tulsa Otters batting - Pitching for Germantown Uruguayans : LHP Jesse Duncan
|
Batting: RHB Alexander Conley
|
0-0: Ball 1-0: Ball 2-0: Foul Ball, location: 2F 2-1: Ball 3-1: Foul Ball, location: 2F 3-2: Ground out 1-3 (Groundball, 15S)
|
Batting: RHB Bill Cobb
|
0-0: Called Strike 0-1: Swinging Strike 0-2: Ball 1-2: Strikes out swinging
|
Batting: RHB Luke Rouco
|
0-0: Called Strike 0-1: Swinging Strike 0-2: Ball 1-2: Strikes out swinging
|
Bottom of the 7th over - 0 runs, 0 hits, 0 errors, 0 left on base; Germantown 2 - Tulsa 3 |
TOP OF THE 8TH |
Germantown Uruguayans batting - Pitching for Tulsa Otters : RHP Victor Heuvelink
|
Now in LF: Roberto Rivera
|
|
Batting: RHB Jurgen Flurgenburgen
|
0-0: Ball 1-0: Swinging Strike 1-1: Ball 2-1: Ball 3-1: Foul Ball, location: 2F 3-2: Foul Ball, location: 2F 3-2: Base on Balls
|
Pitching: RHP Jason Lissenberg
|
|
Batting: RHB Sasha Orlovsky
|
0-0: Sac Bunt - play at first, batter OUT! 1-4 Jurgen Flurgenburgen to second
|
Batting: LHB Felipe Dávila
|
0-0: Called Strike 0-1: Called Strike 0-2: Ball Wild Pitch! Jurgen Flurgenburgen to third 1-2: Foul Ball, location: 2F 1-2: Ball 2-2: Ball 3-2: Ground out 6-3 (Groundball, 6M)
|
Batting: RHB Meester Gobbles-Rooster
|
0-0: Ball 1-0: Ball 2-0: Ball 3-0: Base on Balls
|
Pinch Hitting: LHB Lorenzo Trujillo
|
0-0: Foul Ball, location: 2F 0-1: Foul Ball, location: 2F 0-2: Ball 1-2: Ball 2-2: Fly out, F9 (Flyball, 9D)
|
Top of the 8th over - 0 runs, 0 hits, 0 errors, 2 left on base; Germantown 2 - Tulsa 3 |
BOTTOM OF THE 8TH |
Tulsa Otters batting - Pitching for Germantown Uruguayans : LHP Jesse Duncan
|
Now in RF: Manuel Vallejo
|
|
Batting: RHB Manuel Márquez
|
0-0: SINGLE (Groundball, 2L) (infield hit)
|
Pinch Hitting: RHB Greg Dixon
|
0-0: Foul Ball, location: 2F 0-1: Ball 1-1: Swinging Strike 1-2: Ball 2-2: Fly out, F3 (Line Drive, 34)
|
Pinch Hitting: RHB Jim Schroeder
|
0-0: Foul Ball, location: 2F 0-1: Swinging Strike 0-2: Fielders Choice at 2nd, 5-4 (Groundball, 56)
|
Pitching: RHP Okura Yamasaki
|
|
Batting: LHB Joseph Wallace
|
0-0: Called Strike 0-1: Ball 1-1: Ground out 4-3 (Groundball, 4)
|
Bottom of the 8th over - 0 runs, 1 hit, 0 errors, 1 left on base; Germantown 2 - Tulsa 3 |
TOP OF THE 9TH |
Germantown Uruguayans batting - Pitching for Tulsa Otters : RHP Jason Lissenberg
|
Pitching: RHP Ramiro Valdés
|
|
Now at 1B: Jim Schroeder
|
|
Now at SS: Greg Dixon
|
|
Batting: RHB Scipione Borghese
|
0-0: Ball 1-0: Foul Ball, location: 2F 1-1: SINGLE (Line Drive, 8LS)
|
Pinch Hitting: LHB Masamune Ueda
|
0-0: Ball 1-0: Ball 2-0: Sac Bunt - play at first, batter OUT! 1-4 Scipione Borghese to second
|
Batting: RHB Adam Wiltern
|
0-0: Called Strike 0-1: Foul Ball, location: 2F 0-2: Strikes out swinging
|
Pinch Hitting: RHB Carlos Miranda
|
0-0: Foul Ball, location: 2F 0-1: Called Strike 0-2: Foul Ball, location: 2F 0-2: Ball 1-2: Foul Ball, location: 2F 1-2: Ball Wild Pitch! Scipione Borghese to third 2-2: Ball 3-2: Foul Ball, location: 2F 3-2: Foul Ball, location: 2F 3-2: Base on Balls
|
Batting: RHB Jurgen Flurgenburgen
|
0-0: Called Strike 0-1: Fielders Choice at 2nd, 6-4 (Groundball, 6)
|
Top of the 9th over - 0 runs, 1 hit, 0 errors, 2 left on base; Germantown 2 - Tulsa 3 |
|